 Dungeon Crawl Stone Soup version 0.31-a0-1610-g9787180647 (webtiles) character file.

Game seed: 14753322788711198418

105 Inarius the Trooper (level 4, -7/31 HPs)
             Began as an Octopode Fighter on Jan 8, 2024.
             Killed from afar by an orc wizard (10 damage)
             ... with a magic dart
             ... on level 2 of the Dungeon.
             The game lasted 00:02:00 (1655 turns).

Inarius the Trooper (Octopode Fighter)              Turns: 1655, Time: 00:02:01

Health: -7/31      AC:  2    Str: 14    XL:     4   Next: 83%
Magic:  4/4        EV: 18    Int: 14    God:
Gold:   75         SH:  8    Dex: 12    Spells: 3/3 levels left

rFire   . . .        a - +0 war axe
rCold   . . .        b - +0 buckler
rNeg    . . .        (helmet restricted)
rPois   .            (no amulet)
rElec   .            h - +5 ring of evasion
rCorr   .            (no ring)
SInv    .            (no ring)
Will    .....        (no ring)
Stlth   +++          (no ring)
HPRegen 0.25/turn    (no ring)
MPRegen 0.09/turn    (no ring)
                     (no ring)

%: no passive effects
@: no status effects
A: almost no armour, amphibious, 8 rings, camouflage 1, gelatinous body 1,
(nimble swimmer 1), tentacles, large bone plates 1, clever 1, shaggy fur 1, wild
magic 1
a: no special abilities


You were on level 2 of the Dungeon.
You visited 1 branch of the dungeon, and saw 3 of its levels.

You collected 75 gold pieces.

Inventory:

Hand Weapons
 a - a +0 war axe (weapon)
Armour
 b - a +0 buckler (worn)
Jewellery
 h - a +5 ring of evasion (left tentacle)
Scrolls
 d - 5 scrolls of identify {unknown}
 f - 2 scrolls of revelation {unknown}
 g - a scroll of enchant armour {unknown}
 i - a scroll of torment {unknown}
 j - a scroll of brand weapon {unknown}
 n - a scroll of teleportation {unknown}
Potions
 c - 2 potions of might
 k - a potion of invisibility {unknown}
 l - a potion of heal wounds {unknown}
 m - a potion of ambrosia {unknown}
 o - a potion of curing {unknown}


   Skills:
 + Level 3.5 Fighting
 + Level 3.0 Axes
 + Level 3.5 Dodging
 + Level 2.3 Stealth
 + Level 3.4 Shields


You had 3 spell levels left.
You didn't know any spells.
Your spell library contained the following spells:

 Spells                   Type           Power      Damage    Failure   Level
 Summon Small Mammal      Summ           0%         N/A       45%         1
 Call Canine Familiar     Summ           0%         N/A       82%         3
 Hailstorm                Conj/Ice       0%         3d5       82%         3
 Summon Ice Beast         Ice/Summ       0%         N/A       82%         3
 Summon Blazeheart Golem  Fire/Summ      0%         N/A       99%         4
 Sculpt Simulacrum        Ice/Alch       0%         N/A       100%        6


Dungeon Overview and Level Annotations

Branches:
Dungeon (3/15)

Altars:

Shops:
D:1 [


Innate Abilities, Weirdness & Mutations

You cannot wear most types of armour.
You are amphibious.
You can wear up to eight rings at the same time.
Your skin changes colour to match your surroundings (Stealth+).
Your rubbery body absorbs attacks. (AC +1, EV +1)
((You are camouflaged when in or above water. (Stealth+)))
You have tentacles for arms and can constrict up to eight enemies at once.
You are partially covered in large bone plates. (SH +4)
Your mind is acute. (Int +4, Str/Dex -1)
You are covered in fur. (AC +1)
Your spells are a little harder to cast, but a little more powerful.


Message History

The orc wizard gestures at you while chanting.
The puff of flame hits you!
An orc comes into view. It is wielding a +0 dagger.
The orc wizard points at you and mumbles some strange words.
You are confused.
In your confused state, you trip and fall back down the stairs.
In your confused state, you trip and fall back down the stairs.
The orc wizard casts a spell at you. The puff of flame hits you.
The orc wizard barely misses you.
In your confused state, you trip and fall back down the stairs.
You feel less confused.
The orc priest calls down the wrath of Beogh upon you.
Beogh smites you!
* * * LOW HITPOINT WARNING * * *
The orc wizard closely misses you.
You hear a shout!
It was a potion of mutation.
You feel extremely strange.
You feel clever.
Large bone plates grow over parts of your tentacles.
You feel less in control of your magic. Fur sprouts all over your body.
The orc priest casts a cantrip, but nothing happens.
The orc wizard completely misses you.
The orc wizard hits you with a +0 dagger.
* * * LOW HITPOINT WARNING * * *
You climb upwards.
Reactivating autopickup.
There is a stone staircase leading down here.
You hit the orc wizard. Your grab misses the orc wizard.
The orc wizard is moderately wounded.
The orc wizard barely misses you.
You closely miss the orc wizard. Your grab misses the orc wizard.
Your squeeze misses the orc wizard.
The orc wizard is moderately wounded.
The orc wizard completely misses you.
You closely miss the orc wizard. Your grab misses the orc wizard.
The orc wizard is moderately wounded.
The orc wizard gestures at you while chanting.
The magic dart hits you!
You die...

##.....#.....##
##..........)..##
#...............# #####
#...............#####
#....
#...)...............##
#....
#.................<..##
#....
#.....................#
#....
##...†................#
#....
##............@o..)..#
#....
#####.#...#.........#
####.... ######
#.###.#.....)...###.......
..>..###.#
#.#.............###...
####.....#
#...........#####...## .#
###...####..........#
#.### .##
#......#..........# ##.#
..## #.####............#
##..# ##
#..###)#..............##
#..## #.


You could see an orc wizard.

Vanquished Creatures
  4 gnolls (D:2)
  An adder (D:2)
  A ribbon worm (D:2)
  A dart slug (D:2)
  2 orcs (D:3)
  5 ball pythons
  5 bats
  3 endoplasms
  2 giant cockroaches
  2 goblins
  4 hobgoblins (D:1)
  6 jackals
  2 kobolds
  A quokka (D:2)
  3 frilled lizards
  5 rats
47 creatures vanquished.

Notes
Turn   | Place    | Note
-------+----------+-------------------------------------------
     0 | D:1      | Inarius the Octopode Fighter began the quest for the Orb.
     0 | D:1      | Reached XP level 1. HP: 16/16 MP: 1/1
   199 | D:1      | Found a faded altar of an unknown god.
   268 | D:1      | Reached XP level 2. HP: 14/21 MP: 2/2
   531 | D:1      | Reached skill level 1 in Stealth
   538 | D:1      | Found Koraecs's Antique Armour Shop.
   606 | D:1      | Reached XP level 3. HP: 19/26 MP: 3/3
   959 | D:3      | Reached XP level 4. HP: 13/31 MP: 4/4
  1426 | D:2      | Identified the +0 mace "Xonnomuch" {protect, MP+9 Dex+2}
  1650 | D:3      | Gained mutation: Your mind is acute. (Int +4, Str/Dex -1)
                  | [potion of mutation]
  1650 | D:3      | Gained mutation: You are partially covered in large bone
                  | plates. (SH +4) [potion of mutation]
  1650 | D:3      | Gained mutation: Your spells are a little harder to cast,
                  | but a little more powerful. [potion of mutation]
  1650 | D:3      | Gained mutation: You are covered in fur. (AC +1) [potion of
                  | mutation]
  1651 | D:3      | HP: 1/31 [orc wizard/+0 dagger (4)]
  1655 | D:2      | Killed from afar by an orc wizard

Illustrated notes

Levels and vault maps discovered:
D:1:      heliophobic_arrival_dark_side_of_the_moon, layout_loops_ring,
          basic_ecumenical_altar, serial_shops, shop
D:2:      layout_rooms
D:3:      layout_loops_cross, mainiacjoe_overflow_brackets, kennysheep_path_1

Skill      XL: |  1  2  3  4 |
---------------+-------------+-----
Stealth        | 1 2 |  2.3
Axes           | 3 |  3.0
Fighting       | |  3.5
Dodging        | |  3.5
Shields        | |  3.4

Action                     |  1- 3 |  4- 6 || total
---------------------------+-------+-------++-------
  Melee: War axe           |    49 |    39 ||    88
         Constrict         |    15 |    10 ||    25
         Tentacles         |     5 |     7 ||    12
    Use: Potion            |     1 |     1 ||     2
   Stab: Sleeping          |     6 |     2 ||     8
 Armour: Skin              |    21 |    15 ||    36
  Dodge: Dodged            |    45 |    43 ||    88
  Block: Buckler           |    19 |     7 ||    26

Table legend: (Time is in decaauts)
 A = Elapsed time spent in this place.
 B = Non-inter-level travel time spent in this place.
 C = Inter-level travel time spent in this place.
 D = Time resting spent in this place.
 E = Time spent auto-exploring this place.
 F = Levels seen in this place.
 G = Mean time per level.
                   A        B        C        D        E       F      G
               +--------+--------+--------+--------+--------+-----+--------+
         Total |   1694 |   1616 |     78 |     75 |   1167 |   3 |  564.7 |
       Dungeon |   1694 |   1616 |     78 |     75 |   1167 |   3 |  564.7 |
               +--------+--------+--------+--------+--------+-----+--------+

Top non-repeatable levels by time:
     D:1: 855 daAuts
     D:2: 558 daAuts
     D:3: 280 daAuts
